 Dungeon Crawl Stone Soup version 0.17-a0-1769-g54adf96 (webtiles) character file.

56 shakdrar the Ducker (level 3, 0/15 HPs)
             Began as a Felid Transmuter on Sept 7, 2015.
             Succumbed to poison (a potion of poison)
             ... on level 2 of the Dungeon.
             The game lasted 00:05:47 (1792 turns).

shakdrar the Ducker (Felid Transmuter)              Turns: 1792, Time: 00:05:47

Health: 0/15       AC:  1    Str:  7    XL:     3   Next: 71%
Magic:  7/7        EV: 19    Int: 14    God:
Gold:   65         SH:  0    Dex: 16    Spells: 2 memorised, 3 levels left
                                        Lives:  0   Deaths: 0

rFire  . . .     SeeInvis +       - Unarmed
rCold  . . .     Clarity  .     (armour unavailable)
rNeg   . . .     SustAt   .     (shield unavailable)
rPois  .         Gourm    .     (helmet unavailable)
rElec  .         Spirit   .     (cloak unavailable)
rCorr  +         Warding  .     (gloves unavailable)
rMut   .         Stasis   .     (boots unavailable)
MR     .....                    d - amulet of resist corrosion
Stlth  +++.......               (no ring)
                                (no ring)

@: lethally poisoned (0 -> -4), quick, not resistant to hostile enchantments,
fairly stealthy
A: no armour, no weapons or thrown items, claws 1, fangs 3, see invisible,
carnivore 3, speed 1, shaggy fur 1, slow metabolism 1, sharp paws
a: no special abilities


You were on level 2 of the Dungeon.
You were not hungry.

You visited 1 branch of the dungeon, and saw 2 of its levels.

You collected 65 gold pieces.

Inventory:

Missiles
 a - 12 arrows
Jewellery
 d - an amulet of resist corrosion (around neck)
Books
 b - a book of Changes

   Spells                             Type                      Level
   a - Beastly Appendage              Transmutation                1
   b - Sticks to Snakes               Transmutation                2
   c - Spider Form                    Transmutation/Poison         3
   d - Ice Form                       Ice/Transmutation            4
   e - Blade Hands                    Transmutation                5
 e - a book of Annihilations

   Spells                             Type                      Level
   a - Poison Arrow                   Conjuration/Poison           6
   b - Chain Lightning                Conjuration/Air              8
   c - Lehudib's Crystal Spear        Conjuration/Earth            8
   d - Glaciate                       Conjuration/Ice              9
   e - Fire Storm                     Conjuration/Fire             9
Comestibles
 c - 2 meat rations


   Skills:
 + Level 1.0 Fighting
 + Level 3.6 Dodging
 + Level 1.9 Stealth
 + Level 3.6 Unarmed Combat
 + Level 2.1 Spellcasting
 + Level 2.5 Transmutations


You had 3 spell levels left.
You knew the following spells:

 Your Spells              Type           Power        Failure   Level  Hunger
a - Beastly Appendage     Trmt           #.....       10%         1    #......
b - Sticks to Snakes      Trmt           #.........   14%         2    ###....


Dungeon Overview and Level Annotations

Branches:
Dungeon (2/15)

Altars:


Innate Abilities, Weirdness & Mutations

You cannot wear armour.
You are incapable of wielding weapons or throwing items.
You have sharp claws.
You have razor-sharp teeth.
You have supernaturally acute eyesight.
You are carnivorous and can eat meat at any time.
You cover ground quickly.
You are covered in fur (AC +1).
You have a slow metabolism.
Your sharp claws are effective at attacking unaware monsters.


Message History

You feel sick.
You feel sick.
You feel sick.
You feel sick.
You feel sick.
Found a stone staircase leading up.
You feel sick.
A giant gecko comes into view.
You feel sick.
You feel sick.
* * * LOW HITPOINT WARNING * * *
You feel sick.
* * * LOW HITPOINT WARNING * * *
You feel sick.
* * * LOW HITPOINT WARNING * * *
You feel sick.
* * * LOW HITPOINT WARNING * * *
You feel sick.
A jackal comes into view.
You die...

#.......# #l####..#
.... ###..# ....
#....# #h. # #
#.##<# #.####.##
#.##.##.# ##.#.....
#.......# #......
####.#######..#.##.#
#.........@.....#
#########.#####.#
#.# #.. ####


You could see a jackal (sleeping).

Vanquished Creatures
  An adder (D:2)
  A worm (D:2)
  A giant gecko (D:2)
  7 bats
  2 giant cockroaches
  10 hobgoblins
  4 jackals (D:1)
  2 giant newts
  7 goblins
  3 kobolds
  2 rats (D:1)
40 creatures vanquished.

Notes
Turn   | Place    | Note
--------------------------------------------------------------
     0 | D:1      | shakdrar the Felid Transmuter began the quest for the Orb.
     0 | D:1      | Reached XP level 1. HP: 9/9 MP: 4/4
   106 | D:1      | Reached XP level 2. HP: 10/12 MP: 6/6
   914 | D:1      | Learned a level 2 spell: Sticks to Snakes
   956 | D:1      | Reached XP level 3. HP: 12/15 MP: 7/7
  1056 | D:1      | Reached skill level 1 in Stealth
  1792 | D:2      | Succumbed to poison (a potion of poison)

Vault maps used:
D:1:      lightli_iron_boxes, minmay_misc_feat_tiny

Action                   || total
-------------------------++-------
Melee: Unarmed           ||    99
 Cast: Beastly Appendage ||     1
  Use: Scroll            ||     2
       Potion            ||     3
 Stab: Sleeping          ||     8
       Distracted        ||     1
  Eat: Chunk             ||     2
